ITL
UTICA UNICORNS @ BLUEVILLE 83'S
09/06/2029
 
TOP OF THE 1ST
Utica Unicorns batting - Pitching for Blueville 83's : RHP Javier Moreno
Pitching: RHP Javier Moreno
Batting: RHB Kenny Cole 0-0: Foul Ball, location: 2F
0-1: Called Strike
0-2: Ball
1-2: Ball
2-2: Ground out 5-3 (Groundball, 56S)
Batting: RHB Marcos Castillo 0-0: Ball
1-0: Foul Ball, location: 2F
1-1: Fly out, F9 (Flyball, 9LM)
Batting: RHB Doug Brown 0-0: SOLO HOME RUN (Flyball, 7LD), Distance : 347 ft
Batting: LHB José Román 0-0: Ball
1-0: Foul Ball, location: 2F
1-1: Swinging Strike
1-2: Strikes out swinging
Top of the 1st over - 1 run, 1 hit, 0 errors, 0 left on base; Utica 1 - Blueville 0
BOTTOM OF THE 1ST
Blueville 83's batting - Pitching for Utica Unicorns : LHP José Mercado
Pitching: LHP José Mercado
Batting: RHB Kuniaki Kawashima 0-0: SINGLE (Groundball, 56S) (infield hit)
Batting: RHB Fernando Díaz 0-0: DOUBLE (Line Drive, 9D)
Kuniaki Kawashima to third
Runner from 3rd tries for Home, SAFE, throw made at trailing runner, OUT at third!
Batting: RHB José Estrada 0-0: Ground out 6-3 (Groundball, 6M)
Batting: LHB Brent Alonzo 0-0: Ball
1-0: Called Strike
1-1: Ball
2-1: Foul Ball, location: 2F
2-2: Foul Ball, location: 2F
2-2: Foul Ball, location: 2F
2-2: Foul Ball, location: 2F
2-2: Strikes out looking
Bottom of the 1st over - 1 run, 2 hits, 0 errors, 0 left on base; Utica 1 - Blueville 1
TOP OF THE 2ND
Utica Unicorns batting - Pitching for Blueville 83's : RHP Javier Moreno
Batting: RHB Jack Bailey 0-0: Ball
1-0: Called Strike
1-1: Ball
2-1: Ground out 5-3 (Groundball, 56S)
Batting: LHB Patrick Bright 0-0: Ground out 4-3 (Groundball, 4)
Batting: RHB Micheal Banks 0-0: Ball
1-0: Ball
2-0: Called Strike
2-1: Fly out, F8 (Line Drive, 8LXD)
Top of the 2nd over - 0 runs, 0 hits, 0 errors, 0 left on base; Utica 1 - Blueville 1
BOTTOM OF THE 2ND
Blueville 83's batting - Pitching for Utica Unicorns : LHP José Mercado
Batting: RHB Eric Johnson 0-0: Foul Ball, location: 2F
0-1: Swinging Strike
0-2: Foul Ball, location: 2F
0-2: Strikes out swinging
Batting: RHB Carlos Carrillo 0-0: Ball
1-0: Foul Ball, location: 2F
1-1: Ball
2-1: SINGLE (Groundball, 56D)
Batting: RHB Daryl Floyd 0-0: Ball
1-0: Called Strike
1-1: Called Strike
1-2: Ground out 5-3 (Groundball, 5S)
Carlos Carrillo to second
Batting: RHB Matt Perkins 0-0: Ball
1-0: Ball
2-0: Called Strike
2-1: Ball
3-1: Fly out, F7 (Line Drive, 78D)
Bottom of the 2nd over - 0 runs, 1 hit, 0 errors, 1 left on base; Utica 1 - Blueville 1
TOP OF THE 3RD
Utica Unicorns batting - Pitching for Blueville 83's : RHP Javier Moreno
Batting: LHB Raúl Morales 0-0: Ball
1-0: SINGLE (Groundball, 6MD)
Batting: RHB Gabriel Stout 0-0: Ball
Raúl Morales is caught stealing 2nd base
1-0: Foul Ball, location: 2F
1-1: Called Strike
1-2: Strikes out swinging
Batting: RHB Kenny Cole 0-0: Called Strike
0-1: Ball
1-1: Swinging Strike
1-2: Strikes out looking
Top of the 3rd over - 0 runs, 1 hit, 0 errors, 0 left on base; Utica 1 - Blueville 1
BOTTOM OF THE 3RD
Blueville 83's batting - Pitching for Utica Unicorns : LHP José Mercado
Batting: RHB Rubén Matos 0-0: Ground out 4-3 (Groundball, 4M)
Batting: RHB Kuniaki Kawashima 0-0: Called Strike
0-1: Ball
1-1: Called Strike
1-2: Fly out, F8 (Line Drive, 8RS)
Batting: RHB Fernando Díaz 0-0: SINGLE (Line Drive, 89S)
Batting: RHB José Estrada 0-0: Called Strike
0-1: SINGLE (Groundball, 6) (infield hit)
Fernando Díaz to second
Batting: LHB Brent Alonzo 0-0: Ball
1-0: Called Strike
1-1: Ball
2-1: Called Strike
2-2: Ball
3-2: Ground out 6-3 (Groundball, 6)
Bottom of the 3rd over - 0 runs, 2 hits, 0 errors, 2 left on base; Utica 1 - Blueville 1
TOP OF THE 4TH
Utica Unicorns batting - Pitching for Blueville 83's : RHP Javier Moreno
Batting: RHB Marcos Castillo 0-0: Ball
1-0: Called Strike
1-1: Swinging Strike
1-2: Ball
2-2: Ball
3-2: Foul Ball, location: 2F
3-2: Ground out 5-3 (Groundball, 56)
Batting: RHB Doug Brown 0-0: Called Strike
0-1: Foul Ball, location: 2F
0-2: Fly out, F7 (Flyball, 7)
Batting: LHB José Román 0-0: Ball
1-0: Foul Ball, location: 2F
1-1: Foul Ball, location: 2F
1-2: Ball
2-2: Fly out, F8 (Flyball, 8LD)
Top of the 4th over - 0 runs, 0 hits, 0 errors, 0 left on base; Utica 1 - Blueville 1
BOTTOM OF THE 4TH
Blueville 83's batting - Pitching for Utica Unicorns : LHP José Mercado
Batting: RHB Eric Johnson 0-0: Ball
1-0: Called Strike
1-1: DOUBLE (Flyball, 89D)
Batting: RHB Carlos Carrillo 0-0: Ball
1-0: SINGLE (Line Drive, 56)
Eric Johnson to third
Batting: RHB Daryl Floyd 0-0: Called Strike
Pickoff Throw to First - Out!
0-1: Fly out, F9 (Flyball, 9LMF)
Runner from 3rd tags up, SCORES, no throw
Batting: RHB Matt Perkins 0-0: Called Strike
0-1: Ball
1-1: Ball
2-1: Ball
3-1: Base on Balls
Batting: RHB Rubén Matos 0-0: Called Strike
0-1: Swinging Strike
0-2: Ball
Matt Perkins is caught stealing 2nd base
Bottom of the 4th over - 1 run, 2 hits, 0 errors, 0 left on base; Utica 1 - Blueville 2
TOP OF THE 5TH
Utica Unicorns batting - Pitching for Blueville 83's : RHP Javier Moreno
Batting: RHB Jack Bailey 0-0: Ball
1-0: DOUBLE (Line Drive, 7LM)
Batting: LHB Patrick Bright 0-0: Ground out U3 (Groundball, 34)
Jack Bailey to third
Batting: RHB Micheal Banks 0-0: Ball
1-0: Ball
2-0: SINGLE (Groundball, 6D)
Jack Bailey scores
Batting: LHB Raúl Morales 0-0: Foul Ball, location: 2F
0-1: Foul Ball, location: 2F
0-2: Strikes out swinging
Batting: RHB Gabriel Stout 0-0: Ball
1-0: Ball
2-0: Fielders Choice at 2nd, 5-4 (Groundball, 56)
Top of the 5th over - 1 run, 2 hits, 0 errors, 1 left on base; Utica 2 - Blueville 2
BOTTOM OF THE 5TH
Blueville 83's batting - Pitching for Utica Unicorns : LHP José Mercado
Batting: RHB Rubén Matos 0-0: Ground out 6-3 (Groundball, 6)
Batting: RHB Kuniaki Kawashima 0-0: Swinging Strike
0-1: Ball
1-1: Swinging Strike
1-2: Ball
2-2: Fly out, F3 (Popup, 34)
Batting: RHB Fernando Díaz 0-0: Ball
1-0: Swinging Strike
1-1: Ball
2-1: SINGLE (Groundball, 34) (infield hit)
Batting: RHB José Estrada 0-0: Ball
1-0: Called Strike
1-1: Ball
2-1: Foul Ball, location: 2F
2-2: Ball
3-2: Base on Balls
Fernando Díaz to second
Batting: LHB Brent Alonzo 0-0: Foul Ball, location: 2F
0-1: Ball
1-1: Ball
2-1: Swinging Strike
2-2: Strikes out swinging
Bottom of the 5th over - 0 runs, 1 hit, 0 errors, 2 left on base; Utica 2 - Blueville 2
TOP OF THE 6TH
Utica Unicorns batting - Pitching for Blueville 83's : RHP Javier Moreno
Batting: RHB Kenny Cole 0-0: Called Strike
0-1: Called Strike
0-2: Ball
1-2: SINGLE (Line Drive, 9S)
Batting: RHB Marcos Castillo 0-0: Called Strike
0-1: Ball
1-1: Ball
2-1: Ball
3-1: Swinging Strike
3-2: Reached on error, E1 (Groundball, 15S)
Kenny Cole to second
Batting: RHB Doug Brown 0-0: Foul Ball, location: 2F
0-1: Swinging Strike
0-2: Foul Ball, location: 2F
0-2: Ball
1-2: Strikes out swinging
Batting: LHB José Román 0-0: Called Strike
0-1: Ball
1-1: Foul Ball, location: 2F
1-2: Ball
2-2: Strikes out looking
Batting: RHB Jack Bailey 0-0: Ball
1-0: Called Strike
1-1: Called Strike
1-2: Foul Ball, location: 2F
1-2: Foul Ball, location: 2F
1-2: Fielders Choice at 2nd, 5-4 (Groundball, 56)
Top of the 6th over - 0 runs, 1 hit, 1 error, 2 left on base; Utica 2 - Blueville 2
BOTTOM OF THE 6TH
Blueville 83's batting - Pitching for Utica Unicorns : LHP José Mercado
Batting: RHB Eric Johnson 0-0: Called Strike
0-1: Fly out, F8 (Flyball, 89D)
Batting: RHB Carlos Carrillo 0-0: Called Strike
0-1: Foul Ball, location: 2F
0-2: Foul Ball, location: 2F
0-2: Fly out, F9 (Flyball, 9S)
Batting: RHB Daryl Floyd 0-0: Foul Ball, location: 2F
0-1: SINGLE (Flyball, 78S)
Batting: RHB Matt Perkins 0-0: Ball
1-0: Ground out 4-3 (Groundball, 4)
Bottom of the 6th over - 0 runs, 1 hit, 0 errors, 1 left on base; Utica 2 - Blueville 2
TOP OF THE 7TH
Utica Unicorns batting - Pitching for Blueville 83's : RHP Javier Moreno
Pitching: LHP León Hernández
Pinch Hitting: RHB Gustavo Rodríguez 0-0: Called Strike
0-1: Called Strike
0-2: Foul Ball, location: 2F
0-2: Strikes out swinging
Batting: RHB Micheal Banks 0-0: Ground out 4-3 (Groundball, 4)
Pinch Hitting: RHB Juan Caceres 0-0: Called Strike
0-1: Ball
1-1: SINGLE (Line Drive, 8RS)
Batting: RHB Gabriel Stout 0-0: Ball
1-0: Fly out, F1 (Line Drive, 13)
Top of the 7th over - 0 runs, 1 hit, 0 errors, 1 left on base; Utica 2 - Blueville 2
BOTTOM OF THE 7TH
Blueville 83's batting - Pitching for Utica Unicorns : LHP José Mercado
Now at 3B: Juan Caceres
Now in RF: Gustavo Rodríguez
Batting: RHB Rubén Matos 0-0: Ball
1-0: Called Strike
1-1: Foul Ball, location: 2F
1-2: Foul Ball, location: 2F
1-2: Ball
2-2: SINGLE (Line Drive, 9S)
Pitching: RHP Mario González
Batting: RHB Kuniaki Kawashima 0-0: Sac Bunt - play at second, runner OUT! 5-6
Batting: RHB Fernando Díaz 0-0: Foul Ball, location: 2F
0-1: SINGLE (Groundball, 34D)
Kuniaki Kawashima to second
Runner from 2nd tries for 3rd, SAFE, throw made to third
Pinch Hitting: LHB Jacob Wright 0-0: Called Strike
0-1: Foul Ball, location: 2F
0-2: Foul Ball, location: 2F
0-2: Ball
1-2: Ball
2-2: Strikes out swinging
Batting: LHB Brent Alonzo 0-0: Swinging Strike
0-1: Ball
1-1: Ball
2-1: Fly out, F8 (Flyball, 78D)
Bottom of the 7th over - 0 runs, 2 hits, 0 errors, 2 left on base; Utica 2 - Blueville 2
TOP OF THE 8TH
Utica Unicorns batting - Pitching for Blueville 83's : LHP León Hernández
Now in CF: Felipe Cruz
Batting: RHB Kenny Cole 0-0: Ball
1-0: Ball
2-0: Foul Ball, location: 2F
2-1: SINGLE (Line Drive, 56)
Pinch Runner at 1st Jesús Raugel:
Batting: RHB Marcos Castillo 0-0: Ball
1-0: Foul Ball, location: 2F
1-1: Ball
2-1: SINGLE (Line Drive, 9S)
Jesús Raugel to second
Runner from 2nd tries for 3rd, SAFE, no throw
Batting: RHB Doug Brown 0-0: Ball
1-0: Ball
2-0: Ball
3-0: Called Strike
3-1: Swinging Strike
3-2: Strikes out swinging
Marcos Castillo steals 2nd base
Batter strikes out.
Pinch Hitting: RHB Andrew Good 0-0: Ball
1-0: Swinging Strike
1-1: Called Strike
1-2: Strikes out swinging
Batting: RHB Jack Bailey 0-0: Called Strike
0-1: Ball
1-1: Ball
2-1: Foul Ball, location: 2F
2-2: Ball
3-2: Base on Balls
Batting: RHB Gustavo Rodríguez 0-0: Ball
1-0: Fly out, F7 (Flyball, 7LS)
Top of the 8th over - 0 runs, 2 hits, 0 errors, 3 left on base; Utica 2 - Blueville 2
BOTTOM OF THE 8TH
Blueville 83's batting - Pitching for Utica Unicorns : RHP Mario González
Now in LF: Shane Lynch
Now in CF: Jesús Raugel
Pinch Hitting: LHB Lorenzo Quintanilla 0-0: Ball
1-0: Ball
2-0: Ball
3-0: Called Strike
3-1: Foul Ball, location: 2F
3-2: Base on Balls
Pinch Runner at 1st Joe Emery:
Batting: RHB Carlos Carrillo 0-0: Called Strike
0-1: Called Strike
0-2: Strikes out swinging
Batting: RHB Daryl Floyd 0-0: Ball
1-0: Ball
2-0: Called Strike
2-1: Fly out, F4 (Popup, 4)
Batting: RHB Matt Perkins 0-0: Ball
1-0: Called Strike
1-1: Ball
2-1: Ball
Joe Emery steals 2nd base
3-1: Called Strike
3-2: Base on Balls
Batting: RHB Rubén Matos 0-0: Called Strike
0-1: Swinging Strike
0-2: Ball
1-2: Ground out U3 (Groundball, 34S)
Bottom of the 8th over - 0 runs, 0 hits, 0 errors, 2 left on base; Utica 2 - Blueville 2
TOP OF THE 9TH
Utica Unicorns batting - Pitching for Blueville 83's : LHP León Hernández
Now in LF: Joe Emery
Batting: RHB Micheal Banks 0-0: Ball
1-0: Ball
2-0: Foul Ball, location: 2F
2-1: Ball
3-1: Base on Balls
Batting: RHB Juan Caceres 0-0: Bunted foul
0-1: Bunt missed!
0-2: Strikes out looking
Batting: RHB Gabriel Stout 0-0: Called Strike
0-1: SINGLE (Line Drive, 4M)
Micheal Banks to second
Batting: LHB Jesús Raugel 0-0: Called Strike
0-1: Called Strike
0-2: Ball
1-2: Strikes out swinging
Batting: RHB Marcos Castillo 0-0: Ball
1-0: Ground out 4-3 (Groundball, 4)
Top of the 9th over - 0 runs, 1 hit, 0 errors, 2 left on base; Utica 2 - Blueville 2
BOTTOM OF THE 9TH
Blueville 83's batting - Pitching for Utica Unicorns : RHP Mario González
Pitching: RHP Mike Pierce
Pinch Hitting: RHB Alberto Campos 0-0: Swinging Strike
0-1: Swinging Strike
0-2: Ball
1-2: Ball
2-2: Ball
3-2: Strikes out swinging
Batting: RHB Fernando Díaz 0-0: Called Strike
0-1: Foul Ball, location: 2F
0-2: Ball
1-2: Ball
2-2: Ball
3-2: Foul Ball, location: 2F
3-2: Base on Balls
Batting: LHB Felipe Cruz 0-0: Ball
1-0: Called Strike
1-1: Foul Ball, location: 2F
1-2: Strikes out swinging
Batting: LHB Brent Alonzo 0-0: Called Strike
0-1: Ball
1-1: Foul Ball, location: 2F
1-2: Strikes out swinging
Bottom of the 9th over - 0 runs, 0 hits, 0 errors, 1 left on base; Utica 2 - Blueville 2
TOP OF THE 10TH
Utica Unicorns batting - Pitching for Blueville 83's : LHP León Hernández
Now at 3B: Ángel Garza
Batting: RHB Doug Brown 0-0: Foul Ball, location: 2F
0-1: Fly out, F8 (Flyball, 8LXD)
Pinch Hitting: RHB John Little 0-0: Fly out, F8 (Line Drive, 8RM)
Batting: RHB Jack Bailey 0-0: Ball
1-0: Ball
2-0: Called Strike
2-1: Foul Ball, location: 2F
2-2: Fly out, F9 (Flyball, 89S)
Top of the 10th over - 0 runs, 0 hits, 0 errors, 0 left on base; Utica 2 - Blueville 2
BOTTOM OF THE 10TH
Blueville 83's batting - Pitching for Utica Unicorns : RHP Mike Pierce
Now in LF: José Flores
Batting: SHB Joe Emery 0-0: Ball
1-0: Foul Ball, location: 2F
1-1: Ball
2-1: Ball
3-1: Base on Balls
Batting: RHB Carlos Carrillo 0-0: Called Strike
0-1: Ball
1-1: Ball
2-1: Grounds into double play, 4-6-3 (Groundball, 4)
Batting: RHB Daryl Floyd 0-0: Foul Ball, location: 2F
0-1: Fly out, F8 (Line Drive, 8LD)
Bottom of the 10th over - 0 runs, 0 hits, 0 errors, 0 left on base; Utica 2 - Blueville 2
TOP OF THE 11TH
Utica Unicorns batting - Pitching for Blueville 83's : LHP León Hernández
Batting: RHB Gustavo Rodríguez 0-0: DOUBLE (Line Drive, 78XD)
Pitching: RHP Jorge Oliva
Pinch Hitting: LHB Mitchell Oglethorpe 0-0: Intentional Walk
Batting: RHB Juan Caceres 0-0: Called Strike
0-1: Bunted foul
0-2: Ball
1-2: Ball
2-2: SINGLE (Flyball, 7S)
Gustavo Rodríguez to third
Mitchell Oglethorpe to second
Pinch Hitting: LHB Will Vale 0-0: SINGLE (Line Drive, 9S)
Gustavo Rodríguez scores
Mitchell Oglethorpe to third
Juan Caceres to second
Batting: LHB Jesús Raugel 0-0: Ball
1-0: Ball
Wild Pitch!
Mitchell Oglethorpe scores
Juan Caceres to third
Will Vale to second
2-0: Ball
3-0: Base on Balls
Batting: RHB Marcos Castillo 0-0: Ball
1-0: Ball
2-0: Grounds into fielders choice 1-2 (Groundball, 15)
Will Vale to third
Jesús Raugel to second
Batting: RHB Doug Brown 0-0: Called Strike
0-1: Ball
1-1: Grounds into fielders choice 5-2 (Groundball, 56S)
Jesús Raugel to third
Marcos Castillo to second
Batting: LHB José Flores 0-0: Swinging Strike
0-1: Ball
1-1: Fly out, F9 (Flyball, 89D)
Top of the 11th over - 2 runs, 3 hits, 0 errors, 3 left on base; Utica 4 - Blueville 2
BOTTOM OF THE 11TH
Blueville 83's batting - Pitching for Utica Unicorns : RHP Mike Pierce
Pitching: RHP Alfredo Montero
Now at 1B: Mitchell Oglethorpe
Now at SS: Héctor Jiménez
Batting: RHB Matt Perkins 0-0: Swinging Strike
0-1: Ball
1-1: Called Strike
1-2: Ball
2-2: Strikes out swinging
Batting: RHB Rubén Matos 0-0: Ball
1-0: Ball
2-0: Called Strike
2-1: Ball
3-1: Base on Balls
Batting: RHB Ángel Garza 0-0: SINGLE (Line Drive, 78S)
Rubén Matos to second
Batting: RHB Fernando Díaz 0-0: Ball
1-0: SINGLE (Groundball, 6MD)
Rubén Matos to third
Ángel Garza to second
Batting: LHB Felipe Cruz 0-0: Ball
1-0: Called Strike
1-1: Ball
2-1: Foul Ball, location: 2F
2-2: Ball
3-2: Foul Ball, location: 2F
3-2: Base on Balls
Rubén Matos scores
Ángel Garza to third
Fernando Díaz to second
Batting: LHB Brent Alonzo 0-0: Ball
1-0: Ball
2-0: Ball
3-0: Called Strike
3-1: Called Strike
3-2: Grounds into fielders choice 4-2 (Groundball, 4)
Fernando Díaz to third
Felipe Cruz to second
Batting: SHB Joe Emery 0-0: Called Strike
0-1: Ball
1-1: Ball
2-1: Swinging Strike
2-2: Ball
3-2: Strikes out looking
Bottom of the 11th over - 1 run, 2 hits, 0 errors, 3 left on base; Utica 4 - Blueville 3
Saturday, December 16th, 2017 - OOTP Baseball 18.8 Build 76